PL
PORTLAND EVERGREENS @ BROOKLYN DODGERS
08/16/2031
 
TOP OF THE 1ST
Portland Evergreens batting - Pitching for Brooklyn Dodgers : RHP Eddie Kop
Pitching: RHP Eddie Kop
Batting: SHB Willie McGirt 0-0: Called Strike
0-1: Called Strike
0-2: Ball
1-2: Foul Ball, location: 2F
1-2: Ball
2-2: Ball
3-2: Foul Ball, location: 2F
3-2: Fly out, F7 (Flyball, 8LM)
Batting: SHB Billy Dotson 0-0: Called Strike
0-1: Swinging Strike
0-2: Foul Ball, location: 2F
0-2: Strikes out swinging
Batting: RHB Tae-cho Han 0-0: Called Strike
0-1: Ball
1-1: Ball
2-1: Called Strike
2-2: Ball
3-2: Foul Ball, location: 2F
3-2: Fly out, F6 (Line Drive, 6M)
Top of the 1st over - 0 runs, 0 hits, 0 errors, 0 left on base; Portland 0 - Brooklyn 0
BOTTOM OF THE 1ST
Brooklyn Dodgers batting - Pitching for Portland Evergreens : RHP Yoo-chul Mun
Pitching: RHP Yoo-chul Mun
Batting: SHB Félix Medina 0-0: Called Strike
0-1: Ball
1-1: Swinging Strike
1-2: Ball
2-2: Foul Ball, location: 2F
2-2: Strikes out swinging
Batting: LHB Yannick Hendriksen 0-0: Foul Ball, location: 2F
0-1: Foul Ball, location: 2F
0-2: Strikes out looking
Batting: LHB Manuel Carmona 0-0: Foul Ball, location: 2F
0-1: Called Strike
0-2: SINGLE (Flyball, 9LS)
Batting: LHB Avon Barksdale 0-0: Ball
1-0: Foul Ball, location: 2F
1-1: Ground out 4-3 (Groundball, 34D)
Bottom of the 1st over - 0 runs, 1 hit, 0 errors, 1 left on base; Portland 0 - Brooklyn 0
TOP OF THE 2ND
Portland Evergreens batting - Pitching for Brooklyn Dodgers : RHP Eddie Kop
Batting: LHB John Schaefer 0-0: Swinging Strike
0-1: Ball
1-1: Swinging Strike
1-2: Foul Ball, location: 2F
1-2: Ball
2-2: Ball
3-2: Strikes out swinging
Batting: LHB John Ennis 0-0: Ball
1-0: Called Strike
1-1: Ball
2-1: Foul Ball, location: 2F
2-2: Foul Ball, location: 2F
2-2: SINGLE (Line Drive, 89S)
Batting: LHB Adrián Gómez Pickoff Throw to First - Out!
0-0: Swinging Strike
0-1: Ball
1-1: Swinging Strike
1-2: Ball
2-2: Foul Ball, location: 2F
2-2: Strikes out swinging
Top of the 2nd over - 0 runs, 1 hit, 0 errors, 0 left on base; Portland 0 - Brooklyn 0
BOTTOM OF THE 2ND
Brooklyn Dodgers batting - Pitching for Portland Evergreens : RHP Yoo-chul Mun
Batting: RHB Gerald Clark 0-0: Ball
1-0: SINGLE (Groundball, 56D)
Batting: LHB Mysterious Walker 0-0: Called Strike
0-1: Ball
1-1: Swinging Strike
1-2: Foul Ball, location: 2F
1-2: Foul Ball, location: 2F
1-2: Ball
2-2: Ball
3-2: Grounds into double play, 3-6-1 (Groundball, 3)
Batting: LHB Ki-tak Im 0-0: Ground out U3 (Groundball, 3)
Bottom of the 2nd over - 0 runs, 1 hit, 0 errors, 0 left on base; Portland 0 - Brooklyn 0
TOP OF THE 3RD
Portland Evergreens batting - Pitching for Brooklyn Dodgers : RHP Eddie Kop
Batting: LHB Shahid Afridi 0-0: Ball
1-0: SINGLE (Flyball, 78M)
Batting: RHB Nelson Jaramillo 0-0: Ball
1-0: Called Strike
1-1: DOUBLE (Flyball, 78XD)
Shahid Afridi to third
Batting: RHB Chet Hollis 0-0: Called Strike
0-1: Swinging Strike
0-2: Ball
1-2: Strikes out swinging
Batting: SHB Willie McGirt 0-0: Ball
1-0: Ball
2-0: Called Strike
2-1: Ball
3-1: Base on Balls
Batting: SHB Billy Dotson 0-0: Ball
1-0: Foul Ball, location: 2F
1-1: Ball
2-1: SINGLE (Flyball, 78S)
Shahid Afridi scores
Nelson Jaramillo to third
Willie McGirt to second
Runner from 3rd tries for Home, SAFE, no throw
Batting: RHB Tae-cho Han 0-0: Foul Ball, location: 2F
0-1: Fly out, F8 (Flyball, 78S)
Batting: LHB John Schaefer 0-0: Ball
1-0: Ground out 4-3 (Groundball, 4)
Top of the 3rd over - 2 runs, 3 hits, 0 errors, 2 left on base; Portland 2 - Brooklyn 0
BOTTOM OF THE 3RD
Brooklyn Dodgers batting - Pitching for Portland Evergreens : RHP Yoo-chul Mun
Batting: SHB Juan Rivas 0-0: Called Strike
0-1: Called Strike
0-2: Strikes out looking
Batting: LHB Munemori Ohara 0-0: Ball
1-0: Foul Ball, location: 2F
1-1: Swinging Strike
1-2: Ball
2-2: SINGLE (Line Drive, 4M)
Batting: SHB Félix Medina 0-0: Ball
1-0: Fly out, F9 (Line Drive, 9LS)
Batting: LHB Yannick Hendriksen 0-0: Called Strike
Munemori Ohara is caught stealing 2nd base
Bottom of the 3rd over - 0 runs, 1 hit, 0 errors, 0 left on base; Portland 2 - Brooklyn 0
TOP OF THE 4TH
Portland Evergreens batting - Pitching for Brooklyn Dodgers : RHP Eddie Kop
Batting: LHB John Ennis 0-0: Ball
1-0: Swinging Strike
1-1: Ball
2-1: Ball
3-1: Base on Balls
Batting: LHB Adrián Gómez 0-0: Called Strike
0-1: Ball
1-1: Ball
2-1: Grounds into double play, 4-6-3 (Groundball, 4)
Batting: LHB Shahid Afridi 0-0: Fly out, F4 (Popup, 4S)
Top of the 4th over - 0 runs, 0 hits, 0 errors, 0 left on base; Portland 2 - Brooklyn 0
BOTTOM OF THE 4TH
Brooklyn Dodgers batting - Pitching for Portland Evergreens : RHP Yoo-chul Mun
Batting: LHB Yannick Hendriksen 0-0: Called Strike
0-1: Called Strike
0-2: Fly out, F7 (Flyball, 7)
Batting: LHB Manuel Carmona 0-0: Ball
1-0: Ball
2-0: Foul Ball, location: 2F
2-1: Ground out U3 (Groundball, 3)
Batting: LHB Avon Barksdale 0-0: Foul Ball, location: 2F
0-1: Ball
1-1: Called Strike
1-2: Strikes out swinging
Bottom of the 4th over - 0 runs, 0 hits, 0 errors, 0 left on base; Portland 2 - Brooklyn 0
TOP OF THE 5TH
Portland Evergreens batting - Pitching for Brooklyn Dodgers : RHP Eddie Kop
Batting: RHB Nelson Jaramillo 0-0: Called Strike
0-1: Called Strike
0-2: Strikes out looking
Batting: RHB Chet Hollis 0-0: Foul Ball, location: 2F
0-1: Ball
1-1: Ball
2-1: Foul Ball, location: 2F
2-2: SINGLE (Groundball, 56D)
Batting: SHB Willie McGirt 0-0: Ball
1-0: Swinging Strike
1-1: Swinging Strike
1-2: Ball
2-2: Foul Ball, location: 2F
2-2: Strikes out swinging
Batting: SHB Billy Dotson 0-0: Ball
1-0: SINGLE (Groundball, 34D)
Chet Hollis to second
Runner from 2nd tries for 3rd, SAFE, no throw
Batting: RHB Tae-cho Han 0-0: Foul Ball, location: 2F
0-1: Foul Ball, location: 2F
0-2: Foul Ball, location: 2F
0-2: Ball
1-2: Ball
2-2: Ball
3-2: 3-RUN HOME RUN (Flyball, 7LD), Distance : 350 ft
Batting: LHB John Schaefer 0-0: Ball
1-0: Foul Ball, location: 2F
1-1: Ball
2-1: Swinging Strike
2-2: Strikes out swinging
Top of the 5th over - 3 runs, 3 hits, 0 errors, 0 left on base; Portland 5 - Brooklyn 0
BOTTOM OF THE 5TH
Brooklyn Dodgers batting - Pitching for Portland Evergreens : RHP Yoo-chul Mun
Batting: RHB Gerald Clark 0-0: Called Strike
0-1: Ball
1-1: Foul Ball, location: 2F
1-2: Ball
2-2: Strikes out swinging
Batting: LHB Mysterious Walker 0-0: Called Strike
0-1: Foul Ball, location: 2F
0-2: Foul Ball, location: 2F
0-2: Fly out, F9 (Flyball, 89M)
Batting: LHB Ki-tak Im 0-0: Called Strike
0-1: Ball
1-1: Ball
2-1: Foul Ball, location: 2F
2-2: Ground out 5-3 (Groundball, 56)
Bottom of the 5th over - 0 runs, 0 hits, 0 errors, 0 left on base; Portland 5 - Brooklyn 0
TOP OF THE 6TH
Portland Evergreens batting - Pitching for Brooklyn Dodgers : RHP Eddie Kop
Pitching: RHP Brian Morris
Batting: LHB John Ennis 0-0: Ball
1-0: Fly out, F9 (Flyball, 89M)
Batting: LHB Adrián Gómez 0-0: Called Strike
0-1: Called Strike
0-2: SINGLE (Groundball, 56D)
Batting: LHB Shahid Afridi 0-0: Called Strike
0-1: Grounds into double play, U3-6 (Groundball, 3L)
Top of the 6th over - 0 runs, 1 hit, 0 errors, 0 left on base; Portland 5 - Brooklyn 0
BOTTOM OF THE 6TH
Brooklyn Dodgers batting - Pitching for Portland Evergreens : RHP Yoo-chul Mun
Batting: SHB Juan Rivas 0-0: Reached on error, E4 (Groundball, 4)
Batting: LHB Munemori Ohara 0-0: Ball
1-0: Ball
2-0: Ball
3-0: Base on Balls
Juan Rivas to second
Batting: SHB Félix Medina 0-0: Ball
1-0: Called Strike
1-1: Ball
2-1: Called Strike
2-2: Ball
3-2: Foul Ball, location: 2F
3-2: Fly out, F9 (Flyball, 89M)
Batting: LHB Yannick Hendriksen 0-0: Ball
1-0: Foul Ball, location: 2F
1-1: Foul Ball, location: 2F
1-2: Ball
2-2: Ball
Wild Pitch!
Juan Rivas to third
Munemori Ohara to second
3-2: Foul Ball, location: 2F
3-2: Ground out 4-3 (Groundball, 4)
Juan Rivas scores
Munemori Ohara to third
Batting: LHB Manuel Carmona 0-0: SINGLE (Groundball, 15S) (infield hit)
Munemori Ohara scores
Batting: LHB Avon Barksdale 0-0: Called Strike
Manuel Carmona steals 2nd base
0-1: Ball
1-1: Foul Ball, location: 2F
1-2: Strikes out swinging
Bottom of the 6th over - 2 runs, 1 hit, 1 error, 1 left on base; Portland 5 - Brooklyn 2
TOP OF THE 7TH
Portland Evergreens batting - Pitching for Brooklyn Dodgers : RHP Brian Morris
Batting: RHB Nelson Jaramillo 0-0: Ball
1-0: Swinging Strike
1-1: Called Strike
1-2: Ball
2-2: Ball
3-2: Strikes out swinging
Batting: RHB Chet Hollis 0-0: Ground out 6-3 (Groundball, 6)
Batting: SHB Willie McGirt 0-0: Ground out 4-3 (Groundball, 4)
Top of the 7th over - 0 runs, 0 hits, 0 errors, 0 left on base; Portland 5 - Brooklyn 2
BOTTOM OF THE 7TH
Brooklyn Dodgers batting - Pitching for Portland Evergreens : RHP Yoo-chul Mun
Batting: RHB Gerald Clark 0-0: Called Strike
0-1: Foul Ball, location: 2F
0-2: Fly out, F5 (Line Drive, 5)
Batting: LHB Mysterious Walker 0-0: Foul Ball, location: 2F
0-1: Fly out, F8 (Line Drive, 8RS)
Batting: LHB Ki-tak Im 0-0: Ball
1-0: Ball
2-0: Called Strike
2-1: Ground out 1-3 (Groundball, 13S)
Bottom of the 7th over - 0 runs, 0 hits, 0 errors, 0 left on base; Portland 5 - Brooklyn 2
TOP OF THE 8TH
Portland Evergreens batting - Pitching for Brooklyn Dodgers : RHP Brian Morris
Batting: SHB Billy Dotson 0-0: Ball
1-0: Called Strike
1-1: Foul Ball, location: 2F
1-2: Ball
2-2: Fly out, F8 (Flyball, 8RD)
Batting: RHB Tae-cho Han 0-0: Foul Ball, location: 2F
0-1: Fly out, F7 (Flyball, 7S)
Batting: LHB John Schaefer 0-0: Ball
1-0: Called Strike
1-1: Fly out, F6 (Popup, 6)
Top of the 8th over - 0 runs, 0 hits, 0 errors, 0 left on base; Portland 5 - Brooklyn 2
BOTTOM OF THE 8TH
Brooklyn Dodgers batting - Pitching for Portland Evergreens : RHP Yoo-chul Mun
Now at C: Toussiant L'Ouverture
Now at 1B: Rob Gray
Now at SS: Gabriel Díaz
Batting: SHB Juan Rivas 0-0: Ball
1-0: Ball
2-0: Foul Ball, location: 2F
2-1: Fly out, F5 (Line Drive, 56)
Batting: LHB Munemori Ohara 0-0: Ball
1-0: Swinging Strike
1-1: Foul Ball, location: 2F
1-2: Strikes out swinging
Batting: SHB Félix Medina 0-0: Ball
1-0: Swinging Strike
1-1: Ball
2-1: Swinging Strike
2-2: Ball
3-2: Foul Ball, location: 2F
3-2: Base on Balls
Pitching: RHP Júlio Rodríguez
Batting: LHB Yannick Hendriksen 0-0: Ball
1-0: Fly out, F8 (Flyball, 8RS)
Bottom of the 8th over - 0 runs, 0 hits, 0 errors, 1 left on base; Portland 5 - Brooklyn 2
TOP OF THE 9TH
Portland Evergreens batting - Pitching for Brooklyn Dodgers : RHP Brian Morris
Pitching: LHP Sjaak Bonne
Batting: RHB Rob Gray 0-0: Called Strike
0-1: Ball
1-1: Foul Ball, location: 2F
1-2: Strikes out swinging
Batting: RHB Toussiant L'Ouverture 0-0: Ball
1-0: Swinging Strike
1-1: Foul Ball, location: 2F
1-2: Ball
2-2: Ball
3-2: Ground out 5-3 (Groundball, 5)
Batting: LHB Shahid Afridi 0-0: Called Strike
0-1: Foul Ball, location: 2F
0-2: Ball
1-2: Ball
2-2: Strikes out swinging
Top of the 9th over - 0 runs, 0 hits, 0 errors, 0 left on base; Portland 5 - Brooklyn 2
BOTTOM OF THE 9TH
Brooklyn Dodgers batting - Pitching for Portland Evergreens : RHP Júlio Rodríguez
Batting: LHB Manuel Carmona 0-0: Swinging Strike
0-1: SINGLE (Line Drive, 9S)
Batting: LHB Avon Barksdale 0-0: Ball
1-0: Foul Ball, location: 2F
1-1: Ball
2-1: Swinging Strike
2-2: Strikes out swinging
Batting: RHB Gerald Clark 0-0: Swinging Strike
0-1: Grounds into double play, 5-4-3 (Groundball, 56)
Bottom of the 9th over - 0 runs, 1 hit, 0 errors, 0 left on base; Portland 5 - Brooklyn 2
Tuesday, June 12th, 2018 - OOTP Baseball 18.8 Build 76